[Event "Team 45 45 League T61"]
[Site "Internet Chess Club"]
[Date "2014.07.05"]
[Round "6"]
[White "MetaGod"]
[Black "crazyhorses"]
[Result "1-0"]
[WhiteElo "1580"]
[BlackElo "1389"]
[Opening "Queen's bishop game"]
[ECO "D00"]
[Time "11:00:44"]
[TimeControl "2700+45"]

1. d4 d5 2. Bf4 Nf6 3. Nf3 Nbd7 4. e3 e6 5. Bd3 c5 6. c3 Qb6 7. Qc1 Bd6 8. Bxd6
Qxd6 9. Nbd2 O-O 10. O-O e5 11. Nxe5 Nxe5 12. dxe5 Qxe5 13. Nf3 Qh5 14. Rd1 Bd7
15. c4 Bc6 16. Be2 Qh6 17. cxd5 Nxd5 18. Qxc5 b6 19. Qd4 Rfe8 20. Rac1 Bb7 21.
Bb5 Rf8 22. Bc4 Nf6 23. Ne5 Qg5 24. f3 Rad8 25. Nxf7 Rxd4 26. Nxg5+ {Black
resigns} 1-0

[Event "Team 45 45 League T61"]
[Site "Internet Chess Club"]
[Date "2014.07.03"]
[Round "6"]
[White "caglar"]
[Black "jcule"]
[Result "1/2-1/2"]
[WhiteElo "1565"]
[BlackElo "1486"]
[Opening "Sicilian: Alapin's variation (2.c3)"]
[ECO "B22"]
[Time "14:54:46"]
[TimeControl "2700+45"]

1. e4 c5 2. c3 d5 3. exd5 Qxd5 4. d4 cxd4 5. cxd4 Nc6 6. Nf3 g6 7. Nc3 Qd6 8. d5
Ne5 9. Bb5+ Nd7 10. O-O Bg7 11. Bd2 Nf6 12. Qb3 O-O 13. Rfe1 a6 14. Bf1 b5 15.
g3 Bb7 16. Bf4 Qc5 17. Be3 Qd6 18. Rad1 Rfe8 19. Bf4 Qc5 20. Be3 Qd6 21. Bf4
{Game drawn by mutual agreement} 1/2-1/2

[Event "Team 45 45 League T61"]
[Site "Internet Chess Club"]
[Date "2014.07.05"]
[Round "6"]
[White "KingOfClubs"]
[Black "g8wrb"]
[Result "0-1"]
[WhiteElo "1356"]
[BlackElo "1284"]
[Opening "French: classical, Alapin variation"]
[ECO "C14"]
[Time "08:00:57"]
[TimeControl "2700+45"]

1. e4 e6 2. d4 d5 3. Nc3 Nf6 4. Bg5 Be7 5. e5 Nfd7 6. Bxe7 Qxe7 7. Nb5 Qb4+ 8.
Qd2 Qxd2+ 9. Kxd2 Kd8 10. Nf3 a6 11. Nc3 c5 12. Ng5 Ke7 13. dxc5 Nxc5 14. b4
Ncd7 15. f4 h6 16. Nf3 Nc6 17. a3 Rf8 18. Bd3 f5 19. Nh4 Kf7 20. Ne2 g5 21. Nf3
gxf4 22. Nxf4 Ncxe5 23. Nxe5+ Nxe5 24. Be2 Bd7 25. Bh5+ Kf6 26. Nd3 Nxd3 27.
Kxd3 Be8 28. Bd1 e5 29. Kd2 Rc8 30. c3 Rg8 31. g3 Bb5 32. Bf3 Rcd8 33. Be2 Bxe2
34. Kxe2 Rc8 35. Rac1 Rg4 36. Rc2 Rgc4 37. Rhc1 Kg5 38. h3 f4 39. gxf4+ Kxf4 40.
Rf1+ Ke4 41. Rf3 d4 42. Rg3 Rxc3 43. Rg4+ Kd5 44. Rxc3 Rxc3 45. Rg7 Rxh3 46.
Rxb7 Rxa3 47. Rb6 h5 48. Rxa6 Rxa6 {White resigns} 0-1

[Event "Team 45 45 League T61"]
[Site "Internet Chess Club"]
[Date "2014.07.03"]
[Round "6"]
[White "Bryant-L"]
[Black "QuieroAprender"]
[Result "0-1"]
[WhiteElo "1680"]
[BlackElo "1646"]
[Opening "Giuoco Piano"]
[ECO "C50"]
[Time "20:00:24"]
[TimeControl "2700+45"]

1. e4 e5 2. Nf3 Nc6 3. Bc4 Bc5 4. O-O Nf6 5. d3 O-O 6. a3 a6 7. b4 Ba7 8. Bg5 h6
9. Bh4 d6 10. h3 b5 11. Bb3 Bb7 12. Nc3 Nd4 13. Bd5 c6 14. Bb3 Nxb3 15. cxb3 g5
16. Bg3 Nh5 17. Kh1 Bc8 18. Qd2 Kh7 19. d4 g4 20. hxg4 Bxg4 21. dxe5 Bxf3 22.
gxf3 dxe5 23. Rfd1 Qxd2 24. Rxd2 Bd4 25. Rc1 Nxg3+ 26. fxg3 Be3 27. Rdc2 Bxc1
28. Rxc1 Rad8 29. Kg1 Rd3 30. Kf2 Rd2+ 31. Ne2 Rd6 32. Rc5 f6 33. g4 Kg6 34. Ng3
Rd2+ 35. Ne2 Rc8 36. Ke3 Rcd8 37. Rc3 R8d6 38. Ng3 Ra2 39. Nf5 Rdd2 40. Rc1 Rdc2
41. Rd1 Re2+ 42. Kd3 Reb2 43. Kc3 Rf2 44. Nh4+ Kg5 45. Rh1 Rac2+ 46. Kd3 Rh2 47.
Nf5 Kf4 48. Rd1 Rcf2 49. Re1 Rxf3+ 50. Re3 Rxe3+ 51. Nxe3 Rh3 {White resigns}
0-1

[Event "Team 45 45 League T61"]
[Site "Internet Chess Club"]
[Date "2014.07.04"]
[Round "6"]
[White "drsigmund1"]
[Black "Berke"]
[Result "1/2-1/2"]
[WhiteElo "1577"]
[BlackElo "1488"]
[Opening "Queen's pawn game"]
[ECO "A46"]
[Time "13:00:29"]
[TimeControl "2700+45"]

1. d4 Nf6 2. Nf3 e6 3. Bf4 d5 4. e3 Be7 5. h3 O-O 6. Bd3 Nbd7 7. Nbd2 b6 8. O-O
Bb7 9. Qe2 c5 10. c3 Ne4 11. Ba6 Bxa6 12. Qxa6 Nxd2 13. Nxd2 Qc8 14. Qe2 cxd4
15. cxd4 Nf6 16. Rac1 Qd8 17. Rc7 Ne8 18. Rc6 Rc8 19. Rfc1 Rxc6 20. Rxc6 Bd6 21.
Bxd6 Nxd6 22. Qa6 Qd7 23. Rc1 h6 24. Nf3 f6 25. Nd2 Rd8 {Game drawn by mutual
agreement} 1/2-1/2

[Event "Team 45 45 League T61"]
[Site "Internet Chess Club"]
[Date "2014.07.06"]
[Round "6"]
[White "tamky70"]
[Black "Leon13"]
[Result "1-0"]
[WhiteElo "1421"]
[BlackElo "1396"]
[Opening "English opening"]
[ECO "A10"]
[Time "14:00:45"]
[TimeControl "2700+45"]

1. c4 d6 2. g3 Nc6 3. Bg2 e5 4. Nc3 Nf6 5. d3 Be7 6. Nf3 O-O 7. O-O h6 8. e4 Be6
9. Bd2 Qd7 10. Be3 Nh7 11. b3 f5 12. exf5 Bxf5 13. Ne4 Bg4 14. Qd2 Bxf3 15. Nc3
Bxg2 16. Kxg2 Qg4 17. h3 Qg6 18. Nd5 Bg5 19. f4 exf4 20. Bxf4 Bxf4 21. Rxf4 Rxf4
22. Nxf4 Qf7 23. Rf1 Rf8 24. Qe1 Ng5 25. h4 Nh7 26. Nd5 Qd7 27. Rxf8+ Nxf8 28.
Qf2 Nd4 29. Qxd4 c6 30. Nf4 c5 31. Qe4 a6 32. Qd5+ Kh8 33. Kf2 Qe7 34. Qe4 Qf7
35. Kg2 b5 36. cxb5 axb5 37. h5 Nh7 38. Ng6+ Kg8 39. Qa8+ Nf8 40. Qxf8+ Qxf8 41.
Nxf8 Kxf8 42. Kf3 Ke7 43. Ke4 Ke6 44. d4 c4 45. d5+ Kf6 46. bxc4 b4 47. Kf4 Ke7
48. Kf5 Kf7 49. g4 Ke7 50. Kg6 Kf8 51. g5 hxg5 52. Kxg5 Kf7 53. Kf5 Ke7 54. Kg6
Kf8 55. Kf5 Kf7 56. Kg5 Ke7 57. Kg6 Kf8 58. h6 gxh6 59. Kxh6 Ke7 60. Kg5 Kd7 61.
Kf6 Kc7 62. Ke6 Kb6 63. Kxd6 Ka5 64. c5 Ka4 65. c6 Ka3 66. c7 Kxa2 67. c8=Q b3
68. Qa8+ Kb2 69. Kd7 Kc2 70. Qc6+ Kd2 71. Qb5 {Black resigns} 1-0

[Event "Team 45 45 League T61"]
[Site "Internet Chess Club"]
[Date "2014.07.06"]
[Round "6"]
[White "JOFRAN"]
[Black "HorseRadish"]
[Result "1-0"]
[WhiteElo "1342"]
[BlackElo "1395"]
[Opening "Philidor: exchange variation"]
[ECO "C41"]
[Time "21:04:39"]
[TimeControl "2700+45"]

1. e4 e5 2. Nf3 d6 3. d4 exd4 4. Nxd4 Be7 5. Nc3 Nf6 6. Bf4 Bg4 7. Be2 Qd7 8.
O-O Bxe2 9. Qxe2 Nc6 10. Nxc6 Qxc6 11. e5 Nd5 12. exd6 cxd6 13. Bxd6 Qxd6 14.
Qb5+ Qc6 15. Qxd5 O-O 16. Rad1 Bf6 17. Qxc6 bxc6 18. Rd3 Rad8 19. Rfd1 Rfe8 20.
Kf1 Rxd3 21. Rxd3 Kf8 22. b3 Re5 23. Rd7 a5 24. Nd1 c5 25. Ne3 Re6 26. Ra7 Bc3
27. Ke2 f5 28. Kf3 Rf6 29. Nd5 Rd6 30. Nxc3 Rd2 31. Rxa5 Kf7 32. Rxc5 Rxc2 33.
a4 Ke6 34. b4 Rb2 35. b5 Rb3 36. a5 g5 37. a6 h5 38. a7 g4+ 39. Kf4 Rb4+ 40. Kg5
Kd6 41. Rd5+ Ke6 42. a8=Q Rc4 43. Qa6+ Ke7 44. Qa7+ Ke6 45. Qd7# {Black
checkmated} 1-0

[Event "Team 45 45 League T61"]
[Site "Internet Chess Club"]
[Date "2014.07.02"]
[Round "6"]
[White "CaptK"]
[Black "BrerRabbit"]
[Result "1-0"]
[WhiteElo "1668"]
[BlackElo "1485"]
[Opening "Old Indian: Tartakower (Wade) variation"]
[ECO "A41"]
[Time "19:00:49"]
[TimeControl "2700+45"]

1. d4 d6 2. Nf3 Bg4 3. c4 Nd7 4. Nc3 c6 5. Bf4 g6 6. e3 Bg7 7. h3 Bxf3 8. Qxf3
Ngf6 9. Qd1 Qb6 10. Qc2 e5 11. dxe5 dxe5 12. Bh2 O-O 13. Be2 Rfe8 14. O-O Rad8
15. Rad1 Qc7 16. Ne4 Nxe4 17. Qxe4 Nc5 18. Qc2 Qb6 19. b3 Re6 20. Rxd8+ Qxd8 21.
Rd1 Rd6 22. Rxd6 Qxd6 23. b4 Nd7 24. a3 Nf8 25. Kf1 Qd7 26. Ke1 Ne6 27. Qd3 Qxd3
28. Bxd3 c5 29. Kd1 f6 30. Be4 b6 31. Kc2 Kf7 32. Kb3 Ke8 33. Ka4 Nc7 34. f4 Kd7
35. bxc5 bxc5 36. f5 g5 37. g4 Bf8 38. Bg3 Be7 39. Be1 Kc8 40. Bc6 Bd8 41. e4
Kb8 42. Bf2 Be7 43. h4 h6 44. hxg5 hxg5 45. Be1 a6 46. Ka5 Ka7 47. Bf2 Bd6 48.
Bd7 Be7 49. Bc8 Bd6 50. Ka4 Kb8 51. Bd7 Be7 52. Be1 Ka7 53. Ba5 Bd6 54. Bc6 Kb8
55. Bb6 Be7 56. Ka5 Bd6 57. Bxc7+ Bxc7+ 58. Kxa6 Bd8 59. a4 Bc7 60. Kb5 Bd6 61.
Kb6 Be7 62. a5 Bd8+ 63. Kb5 Ka7 64. a6 Be7 65. Bb7 Bd6 66. Kc6 Be7 67. Kd7 Bf8
68. Ke6 Bg7 69. Kf7 Bh8 70. Kg8 Kb6 71. Kxh8 {Black resigns} 1-0

[Event "Team 45 45 League T61"]
[Site "Internet Chess Club"]
[Date "2014.07.06"]
[Round "6"]
[White "semperfi"]
[Black "PsyMar"]
[Result "1-0"]
[WhiteElo "1370"]
[BlackElo "1333"]
[Opening "King's Indian: East Indian defense"]
[ECO "A48"]
[Time "11:00:49"]
[TimeControl "2700+45"]

1. d4 Nf6 2. Nf3 g6 3. e3 Bg7 4. c4 O-O 5. Bd3 d6 6. Nc3 c5 7. O-O cxd4 8. exd4
Qb6 9. Qe2 Re8 10. Be3 Ng4 11. d5 Nxe3 12. fxe3 e6 13. Rab1 Nd7 14. Qf2 Nc5 15.
Bc2 Qa5 16. Nd4 Qd8 17. Qxf7+ Kh8 18. Qf3 b6 19. Ne4 exd5 20. cxd5 Bb7 21. Nf6
Bxf6 22. Qxf6+ Qxf6 23. Rxf6 Bxd5 24. Rxd6 Bxa2 25. Re1 Bc4 26. b3 Bg8 27. b4
Nb7 28. Rd7 Rab8 29. Nc6 Rbc8 30. Ba4 Nd8 31. Nxa7 Rc3 32. Rd6 Ra3 33. Bxe8
{Black resigns} 1-0

[Event "Team 45 45 League T61"]
[Site "Internet Chess Club"]
[Date "2014.07.06"]
[Round "6"]
[White "SATELLITE-DAN"]
[Black "blerkoid"]
[Result "0-1"]
[WhiteElo "1548"]
[BlackElo "1647"]
[Opening "Sicilian"]
[ECO "B55"]
[Time "08:34:29"]
[TimeControl "2700+45"]

1. e4 c5 2. Nf3 d6 3. d4 cxd4 4. Nxd4 Nf6 5. Bc4 Nxe4 6. Bxf7+ Kxf7 7. Qh5+ g6
8. Qd5+ e6 9. Qxe4 d5 10. Qf4+ Qf6 11. Qc7+ Be7 12. c3 e5 13. Nf3 Nc6 14. Bg5
Qd6 15. Qxd6 Bxd6 16. O-O Bg4 17. Nbd2 h6 18. Be3 Kg7 19. h3 Bf5 20. Nb3 Bc2 21.
Nc5 b6 22. Nb3 Rhf8 23. Rac1 Be4 24. Nfd2 Bd3 25. Rfe1 Ne7 26. Nf1 g5 27. Rcd1
Bc2 28. Rd2 Bxb3 29. axb3 b5 30. g4 a5 31. Rc2 a4 32. bxa4 bxa4 33. Rd1 a3 34.
bxa3 Rxa3 35. Bc1 Ra5 36. Bb2 Rb8 37. Ne3 Ra2 38. Rdd2 Kf7 39. Kg2 Ke6 40. Nd1
Ng6 41. Ne3 Nf4+ 42. Kg3 Nd3 43. Bc1 e4+ 44. Kg2 Rxc2 45. Nxc2 Nxc1 46. Nd4+ Kf6
{White resigns} 0-1

[Event "Team 45 45 League T61"]
[Site "Internet Chess Club"]
[Date "2014.07.05"]
[Round "6"]
[White "Bible-Believer"]
[Black "Tjet"]
[Result "0-1"]
[WhiteElo "1519"]
[BlackElo "1498"]
[Opening "Philidor: exchange variation"]
[ECO "B07"]
[Time "20:00:31"]
[TimeControl "2700+45"]

1. e4 d6 2. d4 e5 3. Nf3 exd4 4. Qxd4 Nc6 5. Bb5 Bd7 6. Bxc6 Bxc6 7. Nc3 Nf6 8.
Bg5 Be7 9. O-O-O O-O 10. Rhe1 Nd7 11. Bxe7 Qxe7 12. Nd5 Bxd5 13. exd5 Qf6 14.
Kb1 Qxd4 15. Nxd4 a6 16. Re7 Rad8 17. Rde1 g6 18. R1e3 Nb6 19. Rxc7 Nxd5 {White
resigns} 0-1

[Event "Team 45 45 League T61"]
[Site "Internet Chess Club"]
[Date "2014.07.06"]
[Round "6"]
[White "dabodhi"]
[Black "BotanicalKnight"]
[Result "0-1"]
[WhiteElo "1330"]
[BlackElo "1515"]
[Opening "Caro-Kann: two knights, 3...Bg4"]
[ECO "B11"]
[Time "15:00:35"]
[TimeControl "2700+45"]

1. e4 c6 2. Nc3 d5 3. Nf3 Bg4 4. h3 Bxf3 5. Qxf3 e6 6. Be2 Nf6 7. O-O Be7 8. e5
Nfd7 9. d4 Qb6 10. Rd1 O-O 11. Qg4 Re8 12. Na4 Qa5 13. Nc3 a6 14. a3 c5 15. Bh6
Bf8 16. b4 cxb4 17. axb4 Qxb4 18. Bd2 Qb6 19. Rdb1 Qc7 20. Bd3 Nc6 21. Ne2 b5
22. Ng3 g6 23. c3 Bg7 24. h4 f5 25. Qf3 Nb6 26. h5 Nc4 27. Bg5 h6 28. Bf6 Nd2
29. Qe3 Nxb1 30. Bxg7 Qxg7 31. Rxb1 g5 32. Bxf5 exf5 33. Nxf5 Qh7 34. g4 Ne7 35.
Nxe7+ Rxe7 36. Rf1 Qe4 37. Qg3 Qf4 38. Qg2 Rf8 39. Qxd5+ Kg7 40. Qd6 Qxg4+ 41.
Kh2 Qxh5+ 42. Kg1 Qg4+ 43. Kh2 Ref7 44. Rg1 Rxf2+ {White resigns} 0-1

[Event "Team 45 45 League T61"]
[Site "Internet Chess Club"]
[Date "2014.07.06"]
[Round "6"]
[White "chesskix"]
[Black "KingOfClubs"]
[Result "1/2-1/2"]
[WhiteElo "1374"]
[BlackElo "1345"]
[Opening "English: Bremen system, Keres variation"]
[ECO "A23"]
[Time "14:06:52"]
[TimeControl "2700+45"]

1. c4 Nf6 2. Nc3 e5 3. g3 c6 4. Bg2 Be7 5. d3 O-O 6. Nf3 d6 7. O-O Re8 8. Nd2
Ng4 9. Nde4 Be6 10. h3 Nf6 11. Nxf6+ Bxf6 12. Ne4 Be7 13. Nc3 Qc8 14. Kh2 Nd7
15. Bd2 Nf6 16. Qc1 d5 17. cxd5 Nxd5 18. Nxd5 cxd5 19. e4 Qxc1 20. Rfxc1 d4
{Game drawn by mutual agreement} 1/2-1/2

[Event "Team 45 45 League T61"]
[Site "Internet Chess Club"]
[Date "2014.07.07"]
[Round "6"]
[White "alexine"]
[Black "BrianWood"]
[Result "1/2-1/2"]
[WhiteElo "1582"]
[BlackElo "1492"]
[Opening "French: advance variation"]
[ECO "C02"]
[Time "16:12:07"]
[TimeControl "2700+45"]

1. e4 e6 2. d4 d5 3. e5 c5 4. c3 cxd4 5. cxd4 Nc6 6. Bb5 Bd7 7. Nf3 Nxe5 8.
Bxd7+ Nxd7 9. O-O Ngf6 10. Nc3 Be7 11. Bf4 a6 12. Rc1 O-O 13. Ne2 Rc8 14. Qb3
Rxc1 15. Rxc1 Qb6 16. Qxb6 Nxb6 17. Rc7 Nfd7 18. Rxb7 f6 19. Bc7 Bd8 20. Bxb6
Nxb6 21. Ra7 a5 22. Rxa5 Nc4 23. Rb5 {Game drawn by mutual agreement} 1/2-1/2

[Event "Team 45 45 League T61"]
[Site "Internet Chess Club"]
[Date "2014.07.04"]
[Round "6"]
[White "chessman64"]
[Black "Chess4Him"]
[Result "0-1"]
[WhiteElo "1357"]
[BlackElo "1535"]
[Opening "Robatsch defense: Geller's system"]
[ECO "B06"]
[Time "14:00:54"]
[TimeControl "2700+45"]

1. e4 g6 2. d4 Bg7 3. c3 d6 4. Nf3 Nf6 5. Bd3 O-O 6. Bd2 Nbd7 7. Qc1 e5 8. Bh6
exd4 9. Bxg7 Kxg7 10. cxd4 Re8 11. Nc3 c5 12. Qf4 cxd4 13. Nxd4 Nc5 14. Bc2
Ncxe4 15. Nxe4 Qa5+ 16. Qd2 Qxd2+ 17. Kxd2 Nxe4+ 18. Bxe4 Rxe4 19. Kd3 Re7 20.
Rhe1 Be6 21. Nxe6+ Rxe6 22. Rxe6 fxe6 23. Rc1 Rf8 24. f3 Rf7 25. b4 Kf6 26. Rc4
e5 27. Ke4 Ke6 28. Ke3 d5 29. Rc2 d4+ 30. Kd3 b6 31. Re2 Kd5 32. a4 Rc7 33. Rc2
Rxc2 34. Kxc2 Kc4 35. b5 Kb4 36. Kd3 Kxa4 37. f4 exf4 38. Kxd4 Kxb5 39. Ke4 a5
40. Kxf4 a4 41. Ke3 Kb4 {White resigns} 0-1

[Event "Team 45 45 League T61"]
[Site "Internet Chess Club"]
[Date "2014.07.04"]
[Round "6"]
[White "jjaillet2007"]
[Black "TimeCo"]
[Result "0-1"]
[WhiteElo "1279"]
[BlackElo "1357"]
[Opening "Nimzo-Indian: Sämisch variation"]
[ECO "E24"]
[Time "12:00:49"]
[TimeControl "2700+45"]

1. d4 Nf6 2. c4 e6 3. Nc3 Bb4 4. a3 Bxc3+ 5. bxc3 b6 6. Bg5 Bb7 7. Nf3 O-O 8. e3
d5 9. cxd5 exd5 10. Bd3 Nbd7 11. Ne5 Bc8 12. Bb5 Nxe5 13. dxe5 h6 14. Bh4 g5 15.
exf6 gxh4 16. Bc6 Rb8 17. Qxd5 Qxf6 18. Rc1 Be6 19. Qd4 Qe7 20. Ra1 Rbd8 21. Qf4
Qc5 22. Rc1 Qxc6 23. Qxh6 Qxg2 24. Ke2 Bg4+ {White resigns} 0-1

[Event "Team 45 45 League T61"]
[Site "Internet Chess Club"]
[Date "2014.07.08"]
[Round "6"]
[White "rkaebi"]
[Black "stantheman59"]
[Result "1-0"]
[WhiteElo "1417"]
[BlackElo "1245"]
[Opening "Scotch: Schmidt variation"]
[ECO "C45"]
[Time "09:33:37"]
[TimeControl "2700+45"]

1. e4 e5 2. Nf3 Nc6 3. d4 exd4 4. Nxd4 Nf6 5. Nc3 Bb4 6. Nxc6 bxc6 7. Bd3 Bxc3+
8. bxc3 Rb8 9. O-O O-O 10. Bg5 d6 11. h3 Re8 12. Re1 Re5 13. f4 Rc5 14. e5 dxe5
15. fxe5 Qd5 16. exf6 Be6 17. Bd2 g6 18. Re3 Qd8 19. Rf3 Bc4 20. Qe1 Bd5 21. Rf1
Qd7 22. Qh4 Qd8 23. Bh6 Be6 24. Bg7 Rh5 25. Qf2 Bxh3 26. gxh3 Rg5+ 27. Kh2 Qd6+
28. Qf4 Re5 29. Kg1 Qc5+ 30. Rf2 Rbe8 31. Qd4 Re1+ 32. Rxe1 Rxe1+ 33. Kh2 Qd6+
34. Qxd6 cxd6 35. Re2 Rxe2+ 36. Bxe2 c5 37. Bc4 h5 38. h4 Kh7 39. Kg3 g5 40.
hxg5 Kg6 41. Kh4 Kf5 42. Bxf7 {Black resigns} 1-0

[Event "Team 45 45 League T61"]
[Site "Internet Chess Club"]
[Date "2014.07.06"]
[Round "6"]
[White "smsxman"]
[Black "KingOfClubs"]
[Result "1-0"]
[WhiteElo "1430"]
[BlackElo "1343"]
[Opening "Sicilian defense"]
[ECO "B30"]
[Time "08:00:08"]
[TimeControl "2700+45"]

1. e4 c5 2. Nf3 Nc6 3. Nc3 g6 4. Bb5 Bg7 5. Bxc6 bxc6 6. O-O Nf6 7. d4 cxd4 8.
Nxd4 Ba6 9. Re1 O-O 10. Na4 Qa5 11. c3 c5 12. Nf3 d6 13. e5 Ne8 14. Bd2 Bb5 15.
b3 Bxa4 16. bxa4 c4 17. Rb1 a6 18. Rb4 d5 19. Be3 Qd8 20. Bb6 Qd7 21. a5 Nc7 22.
Rxc4 Ne6 23. Rb4 Rfc8 24. c4 Nf4 25. cxd5 Qxd5 26. Rxf4 Qxa2 27. Rd4 Re8 28. Rd2
Qe6 29. Nd4 Qc8 30. Rc2 Qb7 31. Rc7 Qd5 32. Rc5 Qa2 33. Re2 Qa3 34. Rec2 Bxe5
35. Rxe5 Qa4 36. Ree2 Rac8 37. Rxe7 Rxc2 38. Rxe8+ Qxe8 39. Nxc2 Qa4 40. g3
{Black resigns} 1-0

[Event "Team 45 45 League T61"]
[Site "Internet Chess Club"]
[Date "2014.07.05"]
[Round "6"]
[White "Leon13"]
[Black "arconia"]
[Result "1-0"]
[WhiteElo "1412"]
[BlackElo "1288"]
[Opening "Sicilian: closed, 2...Nc6"]
[ECO "B23"]
[Time "12:00:27"]
[TimeControl "2700+45"]

1. e4 c5 2. Nc3 Nc6 3. Bb5 Nf6 4. Bxc6 bxc6 5. e5 Nd5 6. Ne4 e6 7. d3 Ba6 8. c4
Nc7 9. Bg5 Qc8 10. Nd6+ Bxd6 11. exd6 Nb5 12. cxb5 cxb5 13. Ne2 Qc6 14. O-O Bb7
15. f3 Qxd6 16. Nc3 a6 17. Ne4 Qd4+ 18. Kh1 O-O 19. Qd2 f5 20. Be3 Qd5 21. Nxc5
Bc6 22. d4 d6 23. Nd3 e5 24. Nb4 Qe6 25. Nxc6 f4 26. Bf2 e4 27. fxe4 Qxe4 28. d5
g5 29. Rae1 Qa4 30. b3 Qa3 31. Bd4 h5 32. Re7 Rf5 33. Qc2 Raf8 34. Rg7+ {Black
resigns} 1-0

[Event "Team 45 45 League T61"]
[Site "Internet Chess Club"]
[Date "2014.07.05"]
[Round "6"]
[White "rhayder"]
[Black "Andaluz"]
[Result "1-0"]
[WhiteElo "1324"]
[BlackElo "1258"]
[Opening "Sicilian defense"]
[ECO "B30"]
[Time "04:05:30"]
[TimeControl "2700+45"]

1. e4 c5 2. Nf3 Nc6 3. Be2 Nf6 4. d3 e6 5. Bf4 Be7 6. Nbd2 d6 7. O-O h6 8. Nc4
O-O 9. e5 Nd5 10. exd6 Nxf4 11. dxe7 Nxe2+ 12. Qxe2 Qxe7 13. Nce5 Nxe5 14. Nxe5
Qc7 15. c3 b6 16. Qe3 Rd8 17. Rfe1 Bb7 18. Rad1 Rd5 19. Ng4 Rad8 20. Qg3 Qxg3
21. hxg3 Rxd3 22. Rxd3 Rxd3 23. Ne5 Rd2 24. Nc4 Rd8 25. Ne3 b5 26. Rd1 Rxd1+ 27.
Nxd1 a5 28. Ne3 Bd5 29. Kf1 Bxa2 30. Ke1 Kf8 31. Ng4 b4 32. cxb4 cxb4 33. Kd2 a4
34. Ne5 a3 35. bxa3 bxa3 36. Kc1 Bd5 37. Nd3 Ke7 38. Nb4 a2 39. Kb2 Kd6 40. Nd3
g5 41. f4 g4 42. Ne5 f5 43. Nf7+ Ke7 44. Ne5 h5 45. Ka1 Bxg2 46. Kxa2 Bd5+ 47.
Kb2 h4 48. Ng6+ Kf6 49. Nxh4 Ke7 50. Ng6+ Kd6 51. Ne5 Kc5 52. Kc3 Bg2 53. Ng6
Bd5 54. Ne5 Ba2 55. Nd7+ Kd6 56. Ne5 Kc5 57. Nd3+ Kd5 58. Nb4+ {Black resigns}
1-0

[Event "Team 45 45 League T61"]
[Site "Internet Chess Club"]
[Date "2014.07.04"]
[Round "6"]
[White "tamky70"]
[Black "medsurg"]
[Result "1-0"]
[WhiteElo "1405"]
[BlackElo "1381"]
[Opening "Bird's opening"]
[ECO "A03"]
[Time "20:30:19"]
[TimeControl "2700+45"]

1. f4 d5 2. Nf3 Nc6 3. d3 Bf5 4. c3 e6 5. Qc2 Nf6 6. Nbd2 Bd6 7. Nb3 Ne7 8. Be3
b6 9. h3 h6 10. Nbd4 Bh7 11. Ne5 c5 12. Qa4+ Kf8 13. Ndf3 Qc7 14. g3 Rb8 15. Bg2
b5 16. Qd1 Nc6 17. O-O Nxe5 18. Nxe5 Bxe5 19. fxe5 Nd7 20. d4 b4 21. Kh2 f5 22.
Qd2 cxd4 23. cxd4 a5 24. Rac1 Qb7 25. Bxh6 gxh6 26. Qxh6+ Kf7 27. Qg5 Rbg8 28.
Qe3 Ke7 29. a3 Nb6 30. axb4 Nc4 31. Rxc4 axb4 32. Rc5 {Black resigns} 1-0

[Event "Team 45 45 League T61"]
[Site "Internet Chess Club"]
[Date "2014.07.03"]
[Round "6"]
[White "JRussell2"]
[Black "fuzzface"]
[Result "0-1"]
[WhiteElo "1396"]
[BlackElo "1360"]
[Opening "Ruy Lopez: four knights (Tarrasch) variation"]
[ECO "C48"]
[Time "11:30:29"]
[TimeControl "2700+45"]

1. e4 e5 2. Nf3 Nc6 3. Bb5 Nf6 4. Nc3 a6 5. Ba4 Bc5 6. Bb3 h6 7. O-O O-O 8. d3
d6 9. Be3 Bxe3 10. fxe3 Bd7 11. d4 Ng4 12. Re1 Na5 13. h3 Nxb3 14. axb3 Nf6 15.
dxe5 dxe5 16. Nxe5 Qe7 17. Nxd7 Nxd7 18. Qf3 c6 19. Ne2 Ne5 20. Qf2 Qc5 21. Nf4
Rae8 22. Rad1 f5 23. exf5 Rxf5 24. Qd2 Rxf4 25. Kh1 Rf5 26. Qd3 Nxd3 {White
resigns} 0-1

[Event "Team 45 45 League T61"]
[Site "Internet Chess Club"]
[Date "2014.07.05"]
[Round "6"]
[White "Tribe97"]
[Black "rgadoury"]
[Result "1-0"]
[WhiteElo "1421"]
[BlackElo "1418"]
[Opening "Grünfeld: modern exchange variation"]
[ECO "D85"]
[Time "12:00:24"]
[TimeControl "2700+45"]

1. d4 d5 2. c4 g6 3. Nc3 Nf6 4. cxd5 Nxd5 5. e4 Nxc3 6. bxc3 Bg7 7. Nf3 Nd7 8.
Bc4 O-O 9. O-O Rb8 10. Rb1 b6 11. Bf4 Bb7 12. Re1 Rc8 13. Qd2 c5 14. Bh6 cxd4
15. Bxg7 Kxg7 16. Qxd4+ f6 17. Ng5 Nc5 18. Ne6+ Nxe6 19. Bxe6 Qxd4 20. cxd4 Rcd8
21. d5 f5 22. f3 Bxd5 23. exd5 {Black resigns} 1-0

[Event "Team 45 45 League T61"]
[Site "Internet Chess Club"]
[Date "2014.07.07"]
[Round "6"]
[White "theartist"]
[Black "wildangels"]
[Result "0-1"]
[WhiteElo "1091"]
[BlackElo "1080"]
[Opening "Dutch with c4 & Nc3"]
[ECO "A85"]
[Time "10:10:14"]
[TimeControl "36000+0"]

1. d4 f5 2. c4 Nf6 3. Nc3 g6 4. e3 Bg7 5. Nf3 e6 6. Qc2 d5 7. Ne5 O-O 8. Bd3
Nbd7 9. Nf3 c6 10. O-O Re8 11. Re1 c5 12. cxd5 exd5 13. Nxd5 Nxd5 14. Qd2 Bh6
15. Bc4 Nb6 16. Bxd5+ Nxd5 17. dxc5 b6 18. Rb1 Bb7 19. Qd4 Qf6 20. Qxf6 Nxf6 21.
Nd2 f4 22. Nb3 Be4 23. Ra1 f3 24. g3 Ng4 25. Bd2 Rad8 26. Bc3 Bg7 27. Re2 Bd3
28. Rd2 Be2 29. Bd4 Rd5 30. Rc1 Rh5 31. h4 Bb5 32. c6 Rc8 33. c7 g5 34. Bxg7
Kxg7 35. Rd8 Ba6 36. Rxc8 Bxc8 37. Rd1 gxh4 38. gxh4 Rxh4 39. Rd2 Ne5 40. Nd4
Rg4+ 41. Kh2 h5 42. Nb5 Rg2+ 43. Kh1 h4 44. Nd6 Be6 45. c8=Q Bxc8 46. Nxc8 h3
47. Rd6 Rxf2 48. Ne7 Rxb2 49. Nf5+ Kf7 50. Rd7+ Ke6 51. Rxa7 Kxf5 52. Ra4 Ng4
53. Rf4+ Kg5 54. Rxf3 Rb1+ {White resigns} 0-1

[Event "Team 45 45 League T61"]
[Site "Internet Chess Club"]
[Date "2014.07.04"]
[Round "6"]
[White "princevultan2"]
[Black "guyd52"]
[Result "0-1"]
[WhiteElo "1137"]
[BlackElo "1343"]
[Opening "Pirc: classical (two knights) system"]
[ECO "B08"]
[Time "07:00:25"]
[TimeControl "2700+45"]

1. e4 d6 2. d4 Nf6 3. Nc3 g6 4. Nf3 Bg7 5. Bd3 O-O 6. O-O Nbd7 7. Be3 e5 8. d5
Ng4 9. Bg5 Bf6 10. Bxf6 Ngxf6 11. Qd2 a6 12. Be2 Kg7 13. Rad1 Nc5 14. Bd3 b5 15.
b4 Nb7 16. a3 Bg4 17. Be2 Qd7 18. Ng5 Bxe2 19. Qxe2 c6 20. dxc6 Qxc6 21. Qd3
Rfc8 22. Ne2 h6 23. Nf3 Nxe4 24. Rc1 a5 25. bxa5 Rxa5 26. Rfd1 Rca8 27. Ra1 Ra4
28. Rdc1 Qc5 29. Rf1 Rc4 30. Rac1 Rxa3 31. Qd1 Ra2 32. Ne1 b4 33. Kh1 Nc3 34.
Nxc3 Rxc3 35. f3 Na5 36. h3 b3 37. Nd3 Qc4 38. cxb3 Nxb3 39. Kh2 Nxc1 40. Nxc1
Ra1 41. Qxd6 Qf4+ 42. Kh1 Raxc1 43. Qa6 Rxf1+ 44. Qxf1 Rc1 45. Qxc1 Qxc1+ 46.
Kh2 Qf4+ 47. Kg1 Qg3 48. Kf1 f5 49. Kg1 e4 50. fxe4 fxe4 51. Kf1 e3 52. Ke2 Qf2+
53. Kd3 e2 54. g4 e1=Q 55. h4 Qfd2+ 56. Kc4 Qec1+ 57. Kb5 Qdb2+ 58. Ka6 Qca1#
{White checkmated} 0-1